Map: Ley Lines

Players

GeneralBarb

  • Race: Zerg Zerg
  • League: Diamond
  • Spawn Location: 7:00

ManlyManMeat - Winner!

  • Race: Zerg Zerg
  • League: Diamond
  • Spawn Location: 1:00

VOD

Have the link to the VOD?

Description

Time

  • Played on: July 12, 2025, 8:40 a.m.
  • Length: 6:56
Show
View Real Time Build Order
Export as new Build Order

GeneralBarb Zerg 

Build Orders: 1 Base Baneling Bust, Pool First 

Get SALT Encoding   

  12  0:16  Spawning Pool  
  11  0:21  Drone  
  11  0:27  Drone  
  13  0:30  Extractor  
  12  0:39  Overlord  
  12  1:03  Zergling x6  
  15  1:14  Zergling x2  
  16  1:29  Zergling x2  
  17  1:35  Zergling x2  
  17  1:37  Metabolic Boost  
  18  1:49  Zergling x2  
  19  1:55  Baneling Nest  
  19  2:00  Zergling x2  
  18  2:20  Zergling x4  
  19  2:32  Zergling x2  
  18  2:45  Zergling x2  
  18  2:48  Baneling x2  
  18  2:54  Queen  
  15  3:20  Zergling x6  
  16  3:37  Zergling x2  
  17  3:43  Zergling x2  
  17  3:44  Hatchery  
  17  3:56  Baneling  
  17  4:00  Zergling x2  
  15  4:16  Zergling x6  
  17  4:23  Zergling x2  
  16  4:36  Zergling x2, Baneling  
  17  4:46  Zergling x2  
  17  4:56  Zergling x4  
  15  5:08  Zergling x8  
  15  5:14  Baneling x2  
  18  5:16  Zergling x2  
  19  5:25  Zergling x4  
  21  5:31  Zergling x2  
  21  5:32  Zergling x4  
  21  5:34  Zergling x2  
  24  5:49  Zergling x4  
  25  5:54  Baneling  
  21  6:14  Zergling x8  
  25  6:19  Zergling x2  
  26  6:27  Zergling x2  
Show
View Real Time Build Order
Export as new Build Order

ManlyManMeat Zerg - Winner!

Build Orders: Hatch First 

Get SALT Encoding   

  12  0:00  Drone  
  13  0:08  Drone  
  14  0:15  Drone, Extractor  
  15  0:22  Overlord  
  15  0:41  Drone  
  16  0:46  Hatchery  
  16  0:49  Drone  
  16  0:53  Drone  
  17  0:57  Drone  
  18  1:07  Extractor  
  17  1:12  Spawning Pool  
  17  1:16  Drone  
  17  1:19  Drone  
  18  1:26  Drone  
  19  1:46  Drone  
  20  2:00  Zergling x2  
  20  2:01  Zergling x4  
  23  2:02  Queen  
  22  2:26  Zergling x4  
  23  2:32  Baneling Nest  
  23  2:35  Drone x2  
  23  2:36  Zergling x2  
  25  2:37  Queen  
  27  2:44  Zergling x2  
  24  3:03  Zergling x6  
  24  3:14  Zergling x2  
  24  3:18  Zergling x2  
  22  3:20  Baneling  
  21  3:30  Zergling x2  
  21  3:31  Zergling x2  
  21  3:34  Baneling x2  
  23  3:37  Drone x2  
  25  3:41  Baneling  
  25  3:43  Baneling  
  25  3:51  Zergling x4  
  27  4:10  Zergling x2  
  25  4:24  Zergling x4  
  25  4:25  Overlord x2  
  27  4:39  Zergling x2  
  28  4:46  Baneling  
  27  4:57  Baneling  
  27  4:59  Zergling x4  
  28  5:00  Zergling x10  
  28  5:06  Baneling x2  
  31  5:09  Zergling x2  
  33  5:21  Drone x3  
  33  5:25  Baneling x2  
  32  5:35  Queen  
  31  6:08  Zergling x6  
  31  6:09  Zergling x12  
  31  6:18  Zergling x8  
  35  6:24  Spine Crawler  
  34  6:26  Baneling  
  34  6:27  Baneling  
Tags
 
Add a new tag
Caveats
  • Supply blocks, unpowered buildings, or Contaminate may cause inaccurate times.
  • Supply counts are checked every 10 seconds.